Cogmind - Beta 12 *** ADVENTURER MODE // 2023.07.05 @ 21:08:06 Player: N-m0 Result: Destroyed by as-88730 with Assembled Rifle Performance ------------- Evolutions (0) 0 Regions Visited (4) 800 Robots Destroyed (28) 140 Value Destroyed (368) 368 Prototype IDs (23) 460 Alien Tech Used (0) 0 Bonus (175) 175 TOTAL SCORE: 1943 Bonus ------- Follower Combat Kills 63 Aligned with FarCom 300 Friendly Fire -188 Cogmind --------- Core Integrity 0/250 Matter 256/300 Energy 149/265 System Corruption 0% Temperature Cool (5) Movement Core (350) Ox6 Location -9/Mines Parts ------- > --- POWER (1) -------- Reinforced Ion Engine > --- PROPULSION (2) --- (None) > --- UTILITY (2) ------ Medium Storage Unit > --- WEAPON (2) ------- (None) > --- INVENTORY (10) --- Fission Core Weight Redist. System Seismic Detector Peak State ------------ > --- POWER ------------ Reinforced Ion Engine > --- PROPULSION ------- Light Treads Light Treads > --- UTILITY ---------- Medium Storage Unit Cloak of Protection > --- WEAPON ----------- Particle Cannon Rocket Launcher > --- INVENTORY -------- Nuclear Core Fission Core Light Fission Core Weight Redist. System Seismic Detector Particle Cannon [Rating: 18] Favorites ----------- Power Reinforced Ion Engine Engine Reinforced Ion Engine Propulsion Light Treads Treads Light Treads Utility Medium Storage Unit Device Seismic Detector Storage Medium Storage Unit Weapon Particle Cannon Energy Gun EM Pulse Gun Energy Cannon Particle Cannon Launcher Rocket Launcher Build | -11 -10 -10 -10 -9 ------- Run | Jun Mat Min Exi Min Slots Evolved . | . . . . . Power . | . . . . . Propulsion . | . . . . . Utility . | . . . . . Weapon . | . . . . . Parts Attached 18 | 6 6 . 3 3 Power 3 | 1 1 . 1 . Engine 3 | 1 1 . 1 . Core . | . . . . . Reactor . | . . . . . Propulsion 2 | 2 . . . . Treads 2 | 2 . . . . Leg . | . . . . . Wheel . | . . . . . Hover . | . . . . . Flight . | . . . . . Utility 7 | 1 3 . 2 1 Device 5 | . 2 . 2 1 Storage 2 | 1 1 . . . Processor . | . . . . . Hackware . | . . . . . Protection . | . . . . . Artifact . | . . . . . Weapon 6 | 2 2 . . 2 Energy Gun 2 | 2 . . . . Energy Cannon 3 | . 2 . . 1 Ballistic Gun . | . . . . . Ballistic Cannon . | . . . . . Launcher 1 | . . . . 1 Special Weapon . | . . . . . Impact Weapon . | . . . . . Slashing Weapon . | . . . . . Piercing Weapon . | . . . . . Special Melee Weapon . | . . . . . Unidentified Prototypes 1 | . . . 1 . Parts Lost 6 | . . . . 6 Power . | . . . . . Propulsion 2 | . . . . 2 Utility 1 | . . . . 1 Weapon 3 | . . . . 3 Highest Loss Streak 6 | . . . . 6 To Critical Strikes . | . . . . . Average Slot Usage (%) 86 | . 98 86 78 79 Engine 11 | . 13 14 7 14 Treads 27 | . 28 28 28 21 Device 13 | . 13 14 14 13 Storage 13 | . 13 14 14 14 Energy Cannon 18 | . 26 15 14 14 Naked Turns . | . . . . . Heaviest Build 32 | 14 29 29 32 32 Greatest Support 46 | 40 46 40 40 40 Greatest Overweight (x) 10 | . . . . 10 Average Overweight (x) . | . . . . 1 Largest Inventory Capacity 10 | 8 10 10 10 10 Average Capacity 9 | 6 9 10 10 10 Most Carried 9 | 2 2 3 9 7 Average Carried 3 | . . 2 6 6 Final Capacity 10 | 8 10 10 10 10 Final Carried 7 | . 1 3 7 3 Class Distribution -------------------- 100% | Mutant Dominant Class ---------------- Mutant | -10/Materials Mutant | -10/Mines Mutant | -10/Exiles Mutant | -9/Mines Resources | -11 -10 -10 -10 -9 ----------- Run | Jun Mat Min Exi Min Matter Collected 333 | 237 62 4 . 30 Remotely . | . . . . . Salvage Created 716 | . 392 151 . 173 Parts 51 | . 38 9 . 4 Haulers Intercepted 2 | . 2 . . . Recyclers Shooed . | . . . . . Parts Field Recycled . | . . . . . Retrieved Matter . | . . . . . Parts Self-Destructed . | . . . . . Prevented . | . . . . . Kills | -11 -10 -10 -10 -9 ------- Run | Jun Mat Min Exi Min Combat Hostiles Destroyed 36 | . 11 10 . 15 Guns 1 | . 1 . . . Cannons 23 | . 7 10 . 6 AOE 11 | . 2 . . 9 Classes Destroyed 5 | . 4 . . 1 Hauler 2 | . 2 . . . Watcher 3 | . 3 . . . Swarmer 18 | . 8 10 . . Grunt 5 | . 3 . . 2 Assembled 14 | . . . . 14 Best Kill Streak 14 | . 3 3 . 14 Combat Bots Only 14 | . 3 3 . 14 Max Kills in Single Turn 7 | . 2 1 . 7 Gunslinging . | . . . . . Exploded 5 | . 2 . . 5 Melee . | . . . . . Uniques/NPCs Destroyed . | . . . . . Combat | -11 -10 -10 -10 -9 -------- Run | Jun Mat Min Exi Min Damage Taken 1374 | . 128 234 . 1012 Core 254 | . 26 49 . 179 Absorbed by Shields . | . . . . . Core Remaining (%) 100 | 100 . . . . Volleys Fired 64 | . 23 26 . 15 Largest 2 | . 2 2 . 2 Hottest 136 | . 136 136 . 136 Shots Fired 99 | . 45 34 . 20 Gun 4 | . 4 . . . Cannon 91 | . 41 34 . 16 Launcher 4 | . . . . 4 Special . | . . . . . Kinetic . | . . . . . Thermal 93 | . 43 34 . 16 Explosive 4 | . . . . 4 Electromagnetic 2 | . 2 . . . Robot Hit Streak 8 | . 8 4 . 5 Robot Miss Streak 3 | . 2 2 . 3 Penetration Max . | . . . . . Secondary Targets . | . . . . . Shots Hit Robots 54 | . 25 19 . 10 Core Hits 55 | . 16 11 . 28 Critical Kills 1 | . 1 . . . Critical Parts Destroyed . | . . . . . Critical Strikes 1 | . 1 . . . Meltdown 1 | . 1 . . . Melee Attacks . | . . . . . Impact . | . . . . . Slashing . | . . . . . Piercing . | . . . . . Sneak Attacks . | . . . . . Combat Hostiles . | . . . . . Follow-up Attacks . | . . . . . Damage Inflicted 2138 | . 601 419 . 1118 Guns 22 | . 22 . . . Cannons 1186 | . 510 411 . 265 Explosions 919 | . 66 . . 853 Melee . | . . . . . Ramming 11 | . 3 8 . . Kinetic . | . . . . . Thermal 1252 | . 576 411 . 265 Explosive 853 | . . . . 853 Electromagnetic 22 | . 22 . . . Impact . | . . . . . Slashing . | . . . . . Piercing . | . . . . . Highest Corruption . | . . . . . Average Corruption . | . . . . . Corruption Purged . | . . . . . Corruption Blocked . | . . . . . Overload Shots . | . . . . . Overflow Damage 35 | . . 3 . 32 Projectiles 29 | . . 3 . 26 Explosions 6 | . . . . 6 Melee . | . . . . . Knockbacks . | . . . . . Impact . | . . . . . Kinetic . | . . . . . Secondary . | . . . . . Self-Inflicted Damage 47 | . . . . 47 Shots 2 | . . . . 2 Rammed 4 | . 1 3 . . Targets Rammed 4 | . 1 3 . . Kicked . | . . . . . Crushed . | . . . . . Highest Temperature 362 | . 273 362 . 257 Average Temperature 116 | . 93 135 . 134 Received Heat Transfer 116 | . 24 . . 92 Effects 2 | . 1 1 . . Shutdowns 1 | . . 1 . . Interference 1 | . 1 . . . Siege Activations . | . . . . . Robots Corrupted . | . . . . . Combat Hostiles . | . . . . . Parts Fried . | . . . . . Impact Corruptions . | . . . . . Robots Melted 1 | . 1 . . . Combat Hostiles 1 | . 1 . . . Parts Melted 3 | . 1 2 . . Heat Transferred 2296 | . 1075 740 . 481 Parts Sabotaged . | . . . . . Parts Stolen . | . . . . . Parts Stripped . | . . . . . Power Chain Reactions 1 | . 1 . . . Missiles Intercepted . | . . . . . Alert | -11 -10 -10 -10 -9 ------- Run | Jun Mat Min Exi Min Peak Influence 206 | . 174 206 . 177 Initial 1 | . . 1 . . Average 74 | . 48 112 . 131 Maximum Alert Level 1 | . . 1 . . Low Security (%) 94 | 100 100 82 . 100 Level 1 5 | . . 17 . . Level 2 . | . . . . . Level 3 . | . . . . . Level 4 . | . . . . . Level 5 . | . . . . . High Security . | . . . . . Max Security . | . . . . . Squads Dispatched 3 | . 3 . . . Investigation 3 | . 3 . . . Extermination . | . . . . . Reinforcement . | . . . . . Assault . | . . . . . Garrison . | . . . . . Intercept . | . . . . . Searches Triggered . | . . . . . Construction Impeded . | . . . . . Haulers Reinforced . | . . . . . Active Scanning Responses . | . . . . . Cargo Convoy Interrupts . | . . . . . Stealth | -11 -10 -10 -10 -9 --------- Run | Jun Mat Min Exi Min Distress Signals . | . . . . . Communications Jammed . | . . . . . Distress Signals . | . . . . . Times Spotted 53 | . 15 12 . 26 Peak Tracking Total 10 | . 3 3 . 10 Tactical Retreats 1 | . . 1 . . Traps | -11 -10 -10 -10 -9 ------- Run | Jun Mat Min Exi Min Traps Triggered 1 | . 1 . . . Indirectly . | . . . . . Trap Hack Attempts . | . . . . . Triggered . | . . . . . Disarmed 4 | . 4 . . . Reprogrammed . | . . . . . Reused . | . . . . . Traps Extracted . | . . . . . Installed . | . . . . . Triggered . | . . . . . Exploded 1 | . . . . 1 Machines | -11 -10 -10 -10 -9 ---------- Run | Jun Mat Min Exi Min Machines Disabled . | . . . . . Max in Single Turn . | . . . . . Machines Repaired . | . . . . . Machines Sabotaged . | . . . . . Overloaded Fab Kills . | . . . . . Hacking | -11 -10 -10 -10 -9 --------- Run | Jun Mat Min Exi Min Machines Accessed 13 | . 8 . 5 . Terminals 7 | . 7 . . . Fabricators . | . . . . . Repair Stations . | . . . . . Recycling Units 1 | . 1 . . . Scanalyzers . | . . . . . Garrison Access . | . . . . . Total Hacks 81 | . 31 . 50 . Successful 70 | . 20 . 50 . Failed 11 | . 11 . . . Catastrophic 2 | . 2 . . . Database Lockouts . | . . . . . Manual 1 | . . . 1 . Terminals 25 | . 25 . . . Fabricators . | . . . . . Repair Stations . | . . . . . Recycling Units 6 | . 6 . . . Scanalyzers . | . . . . . Garrison Access . | . . . . . Terminal Hacks 65 | . 15 . 50 . Record 50 | . 1 . 49 . Branch Access Points 1 | . 1 . . . Terminal Index 1 | . 1 . . . Scanalyzer Index 1 | . 1 . . . Alert Level 2 | . 2 . . . Disarm Traps 1 | . 1 . . . Maintenance Status 2 | . 2 . . . Patrol Status 1 | . 1 . . . Transport Status 1 | . 1 . . . Hauler Manifests 3 | . 3 . . . Zone Layout 1 | . 1 . . . EX-Prototype ID Bank 1 | . . . 1 . Fabricator Hacks . | . . . . . Repair Station Hacks . | . . . . . Recycling Unit Hacks 5 | . 5 . . . Process 1 | . 1 . . . Report Inventory 2 | . 2 . . . Retrieve Matter 1 | . 1 . . . Retrieve Components 1 | . 1 . . . Scanalyzer . | . . . . . Garrison Access Hacks . | . . . . . Unauthorized Hacks . | . . . . . Terminals . | . . . . . Fabricators . | . . . . . Repair Stations . | . . . . . Recycling Units . | . . . . . Scanalyzers . | . . . . . Garrison Access . | . . . . . Data Cores Recovered . | . . . . . Used . | . . . . . Hacking Detections 7 | . 7 . . . Full Trace Events 6 | . 6 . . . Feedback Events . | . . . . . Feedback Blocked . | . . . . . Robot Schematics Acquired . | . . . . . Robots Built . | . . . . . Authchips . | . . . . . Time . | . . . . . Total Robot Build Rating . | . . . . . Part Schematics Acquired . | . . . . . Parts Built . | . . . . . Authchips . | . . . . . Time . | . . . . . Total Part Build Rating . | . . . . . Parts Repaired . | . . . . . Time . | . . . . . Parts Recycled . | . . . . . Recycled Matter 11 | . 11 . . . Retrieved Matter 11 | . 11 . . . Retrieved Components . | . . . . . Parts Scanalyzed . | . . . . . Part Schematics Acquired . | . . . . . Parts Damaged . | . . . . . Bothacking | -11 -10 -10 -10 -9 ------------ Run | Jun Mat Min Exi Min Used RIF Installer . | . . . . . Robots Hacked . | . . . . . Non-combat . | . . . . . Combat . | . . . . . Robot Hacks Applied . | . . . . . Relay Couplers Released . | . . . . . Fabnet Peak Effective % . | . . . . . Robots Rewired . | . . . . . Allies Hacked . | . . . . . Hacks Repelled . | . . . . . Allies | -11 -10 -10 -10 -9 -------- Run | Jun Mat Min Exi Min Total Allies 3 | . . 3 . . Largest Group 3 | . . 3 2 2 Highest-Rated Group 40 | . . 40 24 24 Highest-Rated Ally 16 | . . 16 16 16 Total Orders 3 | . . 3 . . GUARD 3 | . . 3 . . Ally Attacks 27 | . . . . 27 Total Damage 222 | . . . . 222 Kills 6 | . . . . 6 Allies Corrupted . | . . . . . Allies Melted . | . . . . . Intel | -11 -10 -10 -10 -9 ------- Run | Jun Mat Min Exi Min Robot Analysis Total . | . . . . . Derelict Logs Recovered 3 | . . 2 . 1 Drone Launches . | . . . . . Drone Recoveries . | . . . . . Exploration | -11 -10 -10 -10 -9 ------------- Run | Jun Mat Min Exi Min Turns Passed 4306 | 61 1350 774 1938 183 Spaces Moved 2470 | 38 776 429 1186 41 Core 18 | 12 . . . 6 Treads 2452 | 26 776 429 1186 35 Legs . | . . . . . Wheels . | . . . . . Hover . | . . . . . Flight . | . . . . . Fastest Speed 50 | 50 160 160 160 160 Average Speed 160 | 125 160 160 160 204 Slowest Speed 550 | 160 160 160 160 550 Overloaded Moves . | . . . . . Propulsion Burnouts . | . . . . . Robots Hopped . | . . . . . Cave-ins Triggered . | . . . . . Exploration Rate (%) 59 | 3 94 95 94 11 Regions Visited 4 Branch Regions 3 Pre-discovered Areas 2 | . . 1 1 . Known Exits Taken 2 | . 1 1 . . Unknown Exits Taken 2 | 1 . . 1 . Scrap Searched 3 | . . 3 . . Spaces Dug . | . . . . . Terrain Destroyed 47 | . 4 . . 43 Melee . | . . . . . Projectile 1 | . . . . 1 AOE 46 | . 4 . . 42 Terrain Rammed . | . . . . . Walls Destroyed . | . . . . . Machines Disabled . | . . . . . Actions | -11 -10 -10 -10 -9 --------- Run | Jun Mat Min Exi Min Total 2724 | 50 841 481 1229 123 Wait 139 | 4 24 22 27 62 Move 2466 | 37 775 428 1185 41 Hop . | . . . . . Pick Up 13 | 3 4 1 5 . Fast Attach 9 | 3 3 . 3 . Attach 8 | 3 3 . . 2 Detach 7 | . 3 1 3 . Swap 1 | . . . . 1 Drop 11 | . 5 . 4 2 Fire 64 | . 23 26 . 15 Melee . | . . . . . Ram . | . . . . . Kick . | . . . . . Crush 4 | . 1 3 . . Escape Stasis . | . . . . . Rewire 2 | . . . 2 . Trap . | . . . . . Miscellaneous . | . . . . . Route ------- -11/Junkyard -10/Materials (discovered 5 exits: [*Mat x3] / *Min x2) -10/Mines (discovered 3 exits: [*Mat x2] / *Exi) -10/Exiles (discovered 2 exits: [*Min x2]) -9/Mines History --------- Turn | Location | Event 9 | -11/Junkyard | Discovered new exit (range 13) 62 | -11/Junkyard | Entered Materials 314 | -10/Materials | Build established: Mutant 452 | -10/Materials | Discovered new exit (range 15) 761 | -10/Materials | Discovered new exit (range 13) 854 | -10/Materials | Discovered new exit (range 7) 1089 | -10/Materials | Identified exit to Mines 1251 | -10/Materials | Discovered new exit (range 16) 1412 | -10/Materials | Entered Mines 1810 | -10/Mines | Discovered new exit (range 6) 1890 | -10/Mines | Identified exit to Exiles 1896 | -10/Mines | Assisted by bots powering up and referring to "LRC-V3" 1925 | -10/Mines | Discovered new exit (range 10) 1935 | -10/Mines | Received a Rocket Launcher from a helpful Derelict 2179 | -10/Mines | Deemed a non-threat by the Exiles lab entrance 2186 | -10/Mines | Entered Exiles 2186 | -10/Exiles | Accompanied by 2 allies 2239 | -10/Exiles | Discovered new exit (range 14) 2289 | -10/Exiles | Met 8R-AWN 2322 | -10/Exiles | Met EX-HEX 2433 | -10/Exiles | Met EX-DEC 2510 | -10/Exiles | Visited The Gauntlet 2753 | -10/Exiles | Learned location of Zion (-6) 2798 | -10/Exiles | Discovered new exit (range 14) 3025 | -10/Exiles | Met EX-BIN 3176 | -10/Exiles | Aligned with FarCom system 3177 | -10/Exiles | Given EX-Vault access code 3262 | -10/Exiles | Opened EX-Vault 3273 | -10/Exiles | Found Prototype Device 3276 | -10/Exiles | Identified Cloak of Protection 3341 | -10/Exiles | Warned to stay clear of 0b10 Research branches 4124 | -10/Exiles | Left Exiles lab with Cloak of Protection 4124 | -10/Exiles | Entered Mines 4124 | -9/Mines | Accompanied by 2 allies 4222 | -9/Mines | Learned Materials garrison access intel 4236 | -9/Mines | Assembled infested the area 4265 | -9/Mines | Core integrity fell below 50% 4290 | -9/Mines | Core integrity fell below 20% 4307 | -9/Mines | Destroyed by as-88730 with Assembled Rifle Last Messages --------------- as-77075 destroyed. Destroyed Asb. Hover Unit. The unstable cave ceiling collapses. Rocket Launcher destroyed. Lgt. Treads destroyed. Knocked back. Destroyed Asb. Hover Unit. as-13970 destroyed. Particle Cannon destroyed. Destroyed Asb. Hover Unit. Dropped Rigged Nuclear Core. Rigged Nuclear Core explodes. as-81302 destroyed. as-31798 destroyed. as-90786 destroyed. as-42104 destroyed. Dropped Rigged Lgt. Fission Core. The unstable cave ceiling collapses. Cloak of Protection destroyed. Particle Cannon destroyed. Map ----- +----------------------------------------------------+ | ?????????????????????????????????????????????????? | | ?????????????????????????????????????????????????? | | ?????????????????????????????????????????????????? | | ?????????????????????????????????????????????????? | | ?????????????????????????????????????????????????? | | ?????????????????????????????????????????????????? | | ?????????????????????????????????????????????????? | | ?????????????????????????????????????????????????? | | ?????????????????????????????????????????????????? | | ?????????????????????????????????????????????????? | | ?????????????????????????????????????????????????? | | ?????????????????????????????????????????????????? | | ?????????????????????????????????????????????????? | | ?????????????????????????????????????????????????? | | ?????????????????????????????????????????????????? | | ?????????????????????????????????????????????????? | | ???????????????????????????????######??#?????????? | | ??????????#???????????????????? ?? #?????????? | | ??????????# ??????????????????# ### #?????????? | | ?????????## ???????????????? ??????????? | | ?????????# ??????????????? #???????????? | | ???????? ?????????????? #???????????? | | ???????? ??????####?## #???????????? | | ??????? t ###### ## ### % # #???????????? | | ???????????# ;;; a% #???????????? | | ????????????# % @ * % * ###???????????? | | ????????????# ####%#### % a #???????????? | | ????????? ??????# #??#; a #####???????????? | | ???????? ??????????#%#??### #####??????????????? | | ????????????????????#%#????####??????????????????? | | ????????????????????# #??????????????????????????? | | ????????????????##### ##?????????????????????????? | | ????????????????# #?????????????????????????? | | ????????????????# """ #?????????????????????????? | | ????????????????# """ #?????????????????????????? | | ????????????????# """ #?????????????????????????? | | ????????????????# #?????????????????????????? | | ????????????????# %#?????????????????????????? | | ????????????????# #?????????????????????????? | | ????????????????# %#?????????????????????????? | | ????????????????# #?????????????????????????? | | ????????????????# #?????????????????????????? | | ????????????????########?????????????????????????? | | ?????????????????????????????????????????????????? | | ?????????????????????????????????????????????????? | | ?????????????????????????????????????????????????? | | ?????????????????????????????????????????????????? | | ?????????????????????????????????????????????????? | | ?????????????????????????????????????????????????? | | ?????????????????????????????????????????????????? | +----------------------------------------------------+ Best States ------------- Heat Dissipation 25 Energy Generation 12 Energy Capacity 265 Matter Stores 300 Matter Capacity 300 Sight Range 16 Terrain Scan Density 10 Cloak Strength 5 Additional Mass Support 6 Resistance: KI 20 Resistance: TH 20 Resistance: EX 20 Resistance: EM 20 Resistance: I 20 Resistance: S 20 Resistance: P 20 Evasion (%) 50 Recoil Reduction 2 Offensive Hacking 10 Item Schematics ----------------- None Robot Schematics ------------------ None Fabricated ------------ Nothing Alien Tech Used ----------------- None Achievements -------------- Backstab Quick And Dirty Tourist Challenges ------------ None Game ------ Seed ImpulseSkeletonStorage Manual? 0 Play Time 00:43:33 Cumulative 8.6 hours Start 2023.07.05 @ 20:22:04 End 2023.07.05 @ 21:08:06 Sessions 1 Manual Loads 0 Difficulty Adventurer Special Mode None Game No. 7 Rogue 0 Adventurer 7 Explorer 0 Win Type - Total 0 Types 0/0/0/0/0/0/0/0/0 Lore% 13 Gallery% 11 Achievement% 11 Wizard Run 0 Options --------- ASCII 0 Keyboard 0 Movement Mouse Keybinds 0 Fullscreen 2 Font 18/SmallcapsGlow Map View 72x50 Tactical HUD 0 Map Filters NONE Filters NONE Steam 1 RUN: 78eb8486-c05b-4d56-b017-9e984ae06cc3